Map: Pillars of Gold LE

Players

Solar - Winner!

  • Race: Zerg Zerg
  • League: Master
  • Spawn Location: 7:00

Zest

  • Race: Protoss Protoss
  • League: Master
  • Spawn Location: 1:00

Event: War Chest Team League

VOD

Have the link to the VOD?

Description

Time

  • Played on: Aug. 2, 2020, 11:13 a.m.
  • Length: 2:46
Show
View Real Time Build Order
Export as new Build Order

Solar Zerg - Winner!

Build Orders: Hatch First 

Get SALT Encoding   

  12  0:01  Drone  
  13  0:12  Overlord  
  13  0:17  Drone  
  14  0:31  Drone x2  
  16  0:49  Hatchery  
  15  0:52  Drone  
  15  0:56  Drone  
  17  1:00  Drone  
  18  1:20  Spawning Pool  
  17  1:27  Drone  
  18  1:33  Drone  
  18  1:39  Drone  
  20  1:41  Drone  
  20  1:46  Extractor  
  20  2:08  Zergling x6  
  23  2:24  Zergling x4  
Show
View Real Time Build Order
Export as new Build Order

Zest Protoss 

Build Orders:  

Get SALT Encoding   

  12  0:00  Probe  
  13  0:12  Probe  
  14  0:18  Pylon  
  14  0:24  Probe  
  15  0:36  Probe  
  15  0:40  Forge  
  16  0:48  Probe  
  17  0:57  Pylon  
  17  1:03  Pylon  
  17  1:13  Pylon  
  16  1:19  Probe  
  17  1:31  Probe  
  18  1:59  Photon Cannon x2  
  18  2:00  Photon Cannon  
  18  2:03  Pylon  
  18  2:04  Pylon  
  18  2:22  Photon Cannon  
  18  2:23  Photon Cannon  
  18  2:26  Photon Cannon  
Tags
 
Add a new tag
Caveats
  • Supply blocks, unpowered buildings, or Contaminate may cause inaccurate times.
  • Supply counts are checked every 10 seconds.